 Dungeon Crawl Stone Soup version 0.19-a0-1008-g4c63d25 (webtiles) character file.

58 poirepourri the Sneak (level 3, 15/16 HPs)
             Began as a Spriggan Enchanter on July 23, 2016.
             Quit the game on level 2 of the Dungeon.
             The game lasted 00:04:33 (2252 turns).

poirepourri the Sneak (Spriggan Enchanter)          Turns: 2252, Time: 00:04:34

Health: 15/16      AC:  3    Str:  4    XL:     3   Next: 76%
Magic:  8/8        EV: 19    Int: 16    God:
Gold:   57         SH:  0    Dex: 17    Spells: 3 memorised, 2 levels left

rFire  . . .     SeeInvis +     a - +1 dagger
rCold  . . .     Gourm    .     b - +1 robe
rNeg   . . .     Faith    .     (shield restricted)
rPois  .         Spirit   .     (helmet restricted)
rElec  .         Dismiss  .     (no cloak)
rCorr  .         Reflect  .     (gloves unavailable)
SustAt .         Harm     .     (boots unavailable)
MR     .....                    (no amulet)
Stlth  +++.......               (no ring)
                                (no ring)

@: very quick, not resistant to hostile enchantments, fairly stealthy
A: unfitting armour, see invisible, herbivore 3, speed 3, slow metabolism 2
a: no special abilities


You were on level 2 of the Dungeon.
You were full.

You visited 1 branch of the dungeon, and saw 2 of its levels.

You collected 57 gold pieces.

Inventory:

Hand Weapons
 a - a +1 dagger (weapon)
Missiles
 l - 2 tomahawks of returning (quivered)
Armour
 b - a +1 robe (worn)
 e - a +0 cloak
Scrolls
 f - a scroll of fog
Potions
 d - a potion of might {unknown}
Books
 c - a book of Maledictions

   Spells                             Type                      Level
   a - Corona                         Hexes                        1
   b - Ensorcelled Hibernation        Hexes/Ice                    2
   c - Confuse                        Hexes                        3
   d - Tukima's Dance                 Hexes                        3
   e - Dazzling Spray                 Conjuration/Hexes            3


   Skills:
 + Level 0.1 Fighting
 + Level 1.5 Short Blades
 - Level 0.2 Throwing
 - Level 3.4 Dodging
 + Level 4.8 Stealth
 + Level 3.4 Spellcasting
 + Level 4.4 Hexes
 + Level 0.1 Ice Magic


You had 2 spell levels left.
You knew the following spells:

 Your Spells              Type           Power        Failure   Level  Hunger
a - Corona                Hex            ###....      3%          1    None
b - Ensorcelled Hibernat  Hex/Ice        ##....       12%         2    ##.....
c - Confuse               Hex            ###.....     12%         3    ###....


Dungeon Overview and Level Annotations

Branches:
Dungeon (2/15)

Altars:
Ashenzari
Uskayaw
Xom


Innate Abilities, Weirdness & Mutations

You are tiny and cannot use many weapons and most armour.
You have supernaturally acute eyesight. (SInv)
You are a herbivore.
You cover ground extremely quickly.
You need consume almost no food.


Message History

The bat closely misses you. The bat misses you.
You hit the bat but do no damage.
The bat is severely wounded.
The bat barely misses you. The bat misses you.
The bat hits you but does no damage.
You hit the bat but do no damage.
The bat is severely wounded.
The bat misses you. The bat hits you but does no damage.
You closely miss the bat.
The bat is severely wounded.
The bat hits you but does no damage. The bat misses you.
You barely miss the bat.
The bat is severely wounded.
The bat closely misses you.
You hit the bat.
You kill the bat!
You see here a bat corpse.
Welcome back, poirepourri the Spriggan Enchanter.
Press ? for a list of commands and other information.
Are you sure you want to abandon this character and quit the game? (Confirm with "yes".)

#############
#<.@.†......#
###########'#######
#...........#
#...........#
#>..........#
#...........#
#####'#######
#........
##'#######


There were no monsters in sight!

Vanquished Creatures
  2 adders (D:2)
  An ooze (D:1)
  A dart slug (D:1)
  2 bats
  7 goblins (D:1)
  4 hobgoblins
  2 jackals (D:1)
  5 kobolds
  3 giant newts
  5 rats
32 creatures vanquished.

Notes
Turn   | Place    | Note
-------+----------+-------------------------------------------
     0 | D:1      | poirepourri the Spriggan Enchanter began the quest for the Orb.
     0 | D:1      | Reached XP level 1. HP: 9/9 MP: 5/5
   337 | D:1      | Reached XP level 2. HP: 6/13 MP: 3/6
   614 | D:1      | Learned a level 2 spell: Ensorcelled Hibernation
  1205 | D:1      | Reached XP level 3. HP: 16/16 MP: 4/8
  1522 | D:1      | Learned a level 3 spell: Confuse
  2073 | D:2      | Found a hide-covered altar of Uskayaw.
  2073 | D:2      | Found a shattered altar of Ashenzari.
  2093 | D:2      | Found a shimmering altar of Xom.
  2252 | D:2      | Quit the game

Vault maps used:
D:1:      eino_arrival_tree_alley, minmay_misc_feat_square,
          minmay_misc_feat_nine_boxes
D:2:      gammafunk_temple_overflow_claw, first_bread,
          nicolae_ashenzari_panopticon

Skill      XL: |  1  2 |
---------------+-------+-----
Hexes          | 4 |  4.4
Spellcasting   | 3 |  3.4
Fighting       | |  0.1
Short Blades   | |  1.5
Throwing       | |  0.2
Dodging        | |  3.4
Stealth        | |  4.8
Ice Magic      | |  0.1

Action                   || total
-------------------------++-------
Melee: Dagger            ||   147
Throw: Tomahawk          ||     8
 Cast: Corona            ||    19
       Ensorcelled Hiber ||     9
       Confuse           ||     4
  Use: Scroll            ||     5
       Potion            ||     3
 Stab: Sleeping          ||     4
       Confused          ||     2
  Eat: Bread ration      ||     1
Armor: Robe              ||    24
Dodge: Dodged            ||   129
